 Dungeon Sprint DCSS version 0.29-a0-323-g050149af67 (webtiles) character file.

Game seed: 17324487866984967769

263 fragbeetle the Transmogrifier (level 5, -8/40 HPs)
             Began as a Draconian Transmuter on Apr 11, 2022.
             Mangled by a slime creature (11 damage)
             ... in the Dungeon (Sprint I: "Red Sonja").
             The game lasted 00:01:28 (379 turns).

fragbeetle the Transmogrifier (Draconian Transmuter) Turns: 379, Time: 00:01:29

Health: -8/40      AC:  2    Str: 14    XL:     5   Next: 97%
Magic:  8/9        EV: 19    Int: 14    God:
Gold:   162        SH:  0    Dex: 16    Spells: 2/10 levels left

rFire   . . .      SeeInvis .     - Unarmed
rCold   . . .      Faith    .   (shield currently unavailable)
rNeg    . . .      Spirit   .   (body armour unavailable)
rPois   x          Reflect  .   (helmet currently unavailable)
rElec   .          Harm     .   (cloak currently unavailable)
rCorr   .          Rampage  .   (gloves currently unavailable)
Will    .....      NoTele   +   (boots currently unavailable)
Stlth   ++........              (no amulet)
HPRegen 0.13/turn               (no ring)
MPRegen 0.11/turn               (no ring)

@: spider-form
A: venomous fangs, AC +5, tiny, unfitting armour, (cold-blooded)
a: End Transformation


You were in the Dungeon.
You were a venomous arachnid creature.
You visited 1 branch You collected 162 gold pieces.

Inventory:

Wands
 h - a wand of flame (14)
Scrolls
 g - a scroll of blinking
Potions
 a - a potion of lignification
 b - a potion of curing
 c - a potion of heal wounds
 d - a potion of haste
 e - 2 potions of magic
 f - a potion of berserk rage


   Skills:
 - Level 1.1 Fighting
 - Level 2.6 Dodging
 + Level 1.8 Stealth
 - Level 5.0 Unarmed Combat
 - Level 3.0 Spellcasting
 + Level 10.8 Transmutations
 - Level 2.5 Poison Magic


You had 2 spell levels left.
You knew the following spells:

 Your Spells              Type           Power      Damage    Failure   Level
a - Beastly Appendage     Tmut           64%        N/A       2%          1
b - Spider Form           Tmut/Pois      20%        N/A       13%         3
c - Ice Form              Ice/Tmut       17%        N/A       45%         4

Your spell library contained the following spells:

 Spells                   Type           Power      Damage    Failure   Level
 Wereblood                Tmut           32%        N/A       3%          2


Dungeon Overview and Level Annotations

Branches:
Dungeon (1/1)

Altars:
Makhleb
Xom
Jiyva
Lugonu


Innate Abilities, Weirdness & Mutations

You are a venomous arachnid creature.
You have poisonous fangs.
You are tiny and dextrous.
Your spellcasting is less reliable in this form.
Your armour is entirely melded.
You are incapable of wielding weapons or throwing items.
((Your plain brown scales are hard. (AC +5)))
You cannot fit into any form of body armour.
((You are cold-blooded and may be slowed by cold attacks.))


Message History

Found 108 gold pieces.
There is an open door here.
You now have 81 gold pieces (gained 27).
You now have 108 gold pieces (gained 27).
You now have 135 gold pieces (gained 27).
You now have 162 gold pieces (gained 27).
You open the door.
A slime creature comes into view.
Found four altars.
There is an open door here.
The helpless slime creature fails to defend itself.
You hit the slime creature.
The slime creature is lightly wounded.
The slime creature misses you.
You hit the slime creature but do no damage.
The slime creature is lightly wounded.
The slime creature hits you!
You hit the slime creature.
The slime creature is poisoned.
The slime creature is lightly wounded.
The slime creature hits you.
You hit the slime creature.
The slime creature looks as sick as possible!
The slime creature is lightly wounded.
The slime creature closely misses you.
You hit the slime creature but do no damage.
The slime creature is moderately wounded.
The slime creature hits you!
* * * LOW HITPOINT WARNING * * *
You hit the slime creature but do no damage.
The slime creature is moderately wounded.
The slime creature hits you!
* * * LOW HITPOINT WARNING * * *
You bite the slime creature!
The slime creature is heavily wounded.
The slime creature closely misses you.
You hit the slime creature.
The slime creature looks as sick as possible!
The slime creature is heavily wounded.
The slime creature hits you!
You die...

###################
#<.#..').#.)'..#__#
#..').#..'..#..'sJ+
#..#####'#####+#__#
#..# #..# #### #..#
#### #..# #⌠⌠# ####


You could see a slime creature (extremely poisoned).

Vanquished Creatures
  Sigmund (D)
  An ogre (D)
  Ijyb (D)
3 creatures vanquished.

Notes
Turn   | Place    | Note
-------+----------+-------------------------------------------
     0 | D        | fragbeetle the Draconian Transmuter began the quest for the
                  | Orb.
     0 | D        | Reached XP level 1. HP: 16/16 MP: 3/3
     2 | D        | Noticed Ijyb
    12 | D        | Killed Ijyb
    13 | D        | Reached skill level 5 in Unarmed Combat
    13 | D        | Reached XP level 2. HP: 6/23 MP: 1/5
   248 | D        | Noticed an ogre
   254 | D        | Killed an ogre
   255 | D        | Reached skill level 7 in Transmutations
   255 | D        | Reached XP level 3. HP: 27/28 MP: 4/7
   255 | D        | Reached XP level 4. HP: 34/35 MP: 4/8
   260 | D        | Learned a level 3 spell: Spider Form
   297 | D        | Noticed Sigmund
   305 | D        | Killed Sigmund
   306 | D        | Reached skill level 1 in Stealth
   306 | D        | Reached skill level 10 in Transmutations
   306 | D        | Reached XP level 5. HP: 34/40 MP: 6/9
   357 | D        | Learned a level 4 spell: Ice Form
   369 | D        | Found a burning altar of Makhleb.
   369 | D        | Found a viscous altar of Jiyva.
   369 | D        | Found a shimmering altar of Xom.
   369 | D        | Found a corrupted altar of Lugonu.
   369 | D        | Noticed a slime creature
   379 | D        | Mangled by a slime creature

Illustrated notes

Levels and vault maps discovered:
D:        dungeon_sprint_1 [red_sonja_temple_1, red_sonja_temple_small_1]

Skill      XL: |  1  2  3  4 |
---------------+-------------+-----
Dodging        | 2 |  2.6
Unarmed Combat | 5 |  5.0
Spellcasting   | 3 |  3.0
Transmutations | 7 10 | 10.8
Stealth        | 1 |  1.8
Poison Magic   | 2 |  2.5
Fighting       | |  1.1

Action                   |  1- 3 |  4- 6 || total
-------------------------+-------+-------++-------
Melee: Unarmed           |    13 |    14 ||    27
       Headbutt          |     3 |       ||     3
       Kick              |     5 |       ||     5
       Tailslap          |     1 |       ||     1
 Cast: Beastly Appendage |     2 |       ||     2
       Spider Form       |       |     2 ||     2
 Stab: Sleeping          |       |     1 ||     1
Dodge: Dodged            |     5 |     6 ||    11

Table legend: (Time is in decaauts)
 A = Elapsed time spent in this place.
 B = Non-inter-level travel time spent in this place.
 C = Inter-level travel time spent in this place.
 D = Time resting spent in this place.
 E = Time spent auto-exploring this place.
 F = Levels seen in this place.
 G = Mean time per level.
                   A        B        C        D        E       F      G
               +--------+--------+--------+--------+--------+-----+--------+
         Total |    377 |    377 |      0 |    300 |      0 |   1 |  377.0 |
       Dungeon |    377 |    377 |      0 |    300 |      0 |   1 |  377.0 |
               +--------+--------+--------+--------+--------+-----+--------+

Top non-repeatable levels by time:
       D: 377 daAuts
